 Dungeon Crawl Stone Soup version 0.32-a0-818-gb728d0252e (webtiles) character file.

Game seed: 18201680750914822289

21 dialectric the Ruffian (level 2, 0/21 HPs)
             Began as a Demonspawn Shapeshifter on Mar 23, 2024.
             Slain by Sigmund
             ... wielding a +0 scythe
              (9 damage)
             ... on level 2 of the Dungeon.
             The game lasted 00:01:27 (880 turns).

dialectric the Ruffian (Demonspawn Shapeshifter)     Turns: 880, Time: 00:01:28

Health: 0/21       AC:  2    Str: 14    XL:     2   Next: 62%
Magic:  2/2        EV: 11    Int: 10    God:
Gold:   30         SH:  4    Dex: 12    Spells: 1/1 levels left

rFire   . .          .
                       - Unarmed
rCold   . . .        (no shield)
rNeg    . . .        a - +0 animal skin
rPois   .            (helmet currently unavailable)
rElec   .            (cloak currently unavailable)
rCorr   .            (gloves currently unavailable)
SInv    .            (boots currently unavailable)
Will    .....        (no amulet)
Stlth   +            (no ring)
HPRegen 0.23/turn    (no ring)
MPRegen 0.08/turn

%: no passive effects
@: beast-form
A: beast (slay +1), condensation shield
a: Begin Untransformation


You were on level 2 of the Dungeon.
You were a hulking beast.
You visited 1 branch of the dungeon, and saw 2 of its levels.

You collected 30 gold pieces.

Inventory:

Missiles
 g - 5 atropa-tipped darts (quivered)
 o - 5 poisoned darts
Armour
 a - a +0 animal skin (worn)
 k - a +0 helmet
 n - a +0 pair of gloves
Jewellery
 j - a ring of flight
Talismans
 c - a beast talisman (active)
 d - a flux talisman
Scrolls
 e - 2 scrolls of identify {unknown}
 f - a scroll of blinking {unknown}
 i - a scroll of teleportation {unknown}
 l - 2 scrolls of revelation {unknown}
Potions
 b - a potion of lignification
 h - 2 potions of curing {unknown}
 m - a potion of degeneration {unknown}


   Skills:
 + Level 1.5 Fighting
 + Level 2.1 Dodging
 + Level 2.9 Unarmed Combat
 + Level 2.9 Shapeshifting


You had one spell level left.
You didn't know any spells.
Your spell library was empty.

Dungeon Overview and Level Annotations

Branches:
Dungeon (2/15)

Altars:

Annotations:
D:2 Natasha, Sigmund


Innate Abilities, Weirdness & Mutations

You are a hulking beast.
Your limbs bulge with bestial killing power. (Slay +1)
A meltable shield of frost defends you. (SH +4)


Message History

Unknown command.
A bat is nearby!
There are monsters nearby!
Natasha, Servant of Life and Death comes into view.
The bat hits you. The bat closely misses you.
There are monsters nearby!
The bat completely misses you.
Natasha casts a spell.
You completely miss the bat. The bat barely misses you. x2
You hit the bat.
You kill the bat!
Sigmund closely misses you.
The cerulean imp attacks as it pursues you!
The cerulean imp hits you from afar with a +2 spear!
Sigmund attacks as he pursues you! Sigmund misses you.
The cerulean imp hits you from afar with a +2 spear.
Natasha mumbles some strange words.
You feel disoriented. The cerulean imp misses you.
There is a stone staircase leading up here.
You block the cerulean imp's attack.
You climb upwards.
There is a stone staircase leading down here.
Unknown command.
You start resting.
HP restored.
You climb downwards.
Level annotation: Natasha, Sigmund Natasha casts a spell.
There is a stone staircase leading up here.
Found a ruby potion and a chain mail.
Natasha casts a spell.
The cerulean imp barely misses you.
The cerulean imp hits you from afar with a +0 spear.
Natasha claws you! The cerulean imp barely misses you.
The cerulean imp hits you from afar with a +0 spear.
Sigmund hits you from afar with a +0 scythe!
You die...
Sigmund begins carving another notch in his scythe.

.[.......!...#
..............
.............###
...............#
.......(.......# ## .
...............###. .
.#.......5........ . ####.#
#....5h........ . ......
##..#h........# .##
......###.###.....###### ..#
..%...........@.........
#.##...............†<.......
....# ######......#.........
#.#.##..........#.##..###..#
#.#.#..##.##...##.##..... #
###...###^#..#.##..........
........#ß####.##..........


You could see Sigmund, Natasha and 2 cerulean imps.

Vanquished Creatures
  A bat (D:2)
  2 endoplasms (D:1)
  3 giant cockroaches
  2 goblins (D:1)
  2 jackals (D:2)
  A quokka (D:1)
  2 ball pythons (D:1)
  A frilled lizard (D:1)
  2 kobolds (D:1)
  2 rats
18 creatures vanquished.

Notes
Turn   | Place    | Note
-------+----------+-------------------------------------------
     0 | D:1      | dialectric the Demonspawn Shapeshifter began the quest for
                  | the Orb.
     0 | D:1      | Reached XP level 1. HP: 15/15 MP: 1/1
   179 | D:1      | Gained mutation: A meltable shield of frost defends you.
                  | (SH +4) [demonic ancestry]
   179 | D:1      | Reached XP level 2. HP: 14/21 MP: 2/2
   764 | D:2      | Noticed Sigmund
   825 | D:2      | Noticed Natasha
   880 | D:2      | Slain by Sigmund

Illustrated notes

Levels and vault maps discovered:
D:1:      zaba_arrival_water, layout_basic
D:2:      layout_rooms, serial_curves, eino_curves_01, eino_curves_02,
          eino_curves_02, minmay_strange_pillars, grunt_decor_resistance,
          ebering_dispersal_statue_hall, minmay_misc_feat_roman, uniq_sigmund,
          uniq_natasha, uniq_crazy_yiuf_cottage

Skill      XL: |  1 |
---------------+----+-----
Dodging        | 2 |  2.1
Fighting       | |  1.5
Unarmed Combat | |  2.9
Shapeshifting  | |  2.9

Action                     || total
---------------------------++-------
  Melee: Unarmed           ||    41
         Punch             ||     1
 Armour: Animal skin       ||    25
  Dodge: Dodged            ||    33
  Block: Other             ||     6

Table legend: (Time is in decaauts)
 A = Elapsed time spent in this place.
 B = Non-inter-level travel time spent in this place.
 C = Inter-level travel time spent in this place.
 D = Time resting spent in this place.
 E = Time spent auto-exploring this place.
 F = Levels seen in this place.
 G = Mean time per level.
                   A        B        C        D        E       F      G
               +--------+--------+--------+--------+--------+-----+--------+
         Total |    886 |    804 |     82 |     37 |    576 |   2 |  443.0 |
       Dungeon |    886 |    804 |     82 |     37 |    576 |   2 |  443.0 |
               +--------+--------+--------+--------+--------+-----+--------+

Top non-repeatable levels by time:
     D:1: 717 daAuts
     D:2: 168 daAuts
